 Dungeon Crawl Stone Soup version 0.31.0-32-g396128a36d (webtiles) character file.

Game seed: 16438866569674902876

372 firemarshallily the Sneak (level 6, -2/43 HPs)
             Began as an Octopode Brigand on Apr 22, 2024.
             Was an Initiate of Dithmenos.
             Slain by Duvessa
             ... wielding a +0 rapier
              (19 damage)
             ... on level 4 of the Dungeon.
             The game lasted 00:06:01 (2881 turns).

firemarshallily the Sneak (Octopode Brigand)        Turns: 2881, Time: 00:06:02

Health: -2/43      AC:  1    Str: 10    XL:     6   Next: 71%
Magic:  6/6        EV: 18    Int: 13    God:    Dithmenos [......]
Gold:   103        SH:  0    Dex: 16    Spells: 5/5 levels left

rFire   . . .        a - +4 dagger
rCold   + . .        (no shield)
rNeg    . . .        (helmet restricted)
rPois   .            (no amulet)
rElec   .            h - +5 ring of evasion
rCorr   .            i - ring of protection from cold
SInv    .            (no ring)
Will    .....        (no ring)
Stlth   +++++        (no ring)
HPRegen 0.27/turn    (no ring)
MPRegen 0.10/turn    (no ring)
                     (no ring)

%: no passive effects
@: no status effects
A: almost no armour, amphibious, 8 rings, camouflage 1, gelatinous body 1,
(nimble swimmer 1), tentacles
a: Renounce Religion


You were on level 4 of the Dungeon.
You worshipped Dithmenos.
Dithmenos was noncommittal.
You visited 1 branch of the dungeon, and saw 4 of its levels.
You also visited: Sewer.

You collected 103 gold pieces.

Inventory:

Hand Weapons
 a - a +4 dagger (weapon)
Missiles
 b - 10 poisoned darts (quivered)
 c - 2 curare-tipped darts
 n - 4 javelins
 t - a throwing net
Jewellery
 h - a +5 ring of evasion (left tentacle)
 i - a ring of protection from cold (right tentacle)
Scrolls
 e - 4 scrolls of teleportation
 g - 2 scrolls of noise {unknown}
 j - a scroll of fear
 m - a scroll of revelation {unknown}
 o - a scroll of enchant armour {unknown}
 r - a scroll of vulnerability
 s - a scroll of butterflies {unknown}
Potions
 d - a potion of resistance {unknown}
 f - 2 potions of heal wounds
 k - a potion of haste {unknown}
 l - 2 potions of might {unknown}
 p - a potion of degeneration {unknown}
 q - a potion of invisibility {unknown}


   Skills:
 + Level 3.7 Fighting
 * Level 5.1 Short Blades
 - Level 2.0 Throwing
 - Level 1.0 Dodging
 + Level 7.1 Stealth


You had 5 spell levels left.
You didn't know any spells.
Your spell library contained the following spells:

 Spells                   Type           Power      Damage    Failure   Level
 Magic Dart               Conj           0%         1d3       30%         1
 Searing Ray              Conj           0%         2d4       43%         2
 Fulminant Prism          Conj/Alch      0%         3d5       97%         4


Dungeon Overview and Level Annotations

Branches:
Dungeon (4/15)             Temple (0/1) D:4           Sewer (visited)

Altars:
Dithmenos
Kikubaaqudgha

Shops:
D:1 *

Annotations:
D:4 Duvessa, Eustachio


Innate Abilities, Weirdness & Mutations

You cannot wear most types of armour.
You are amphibious.
You can wear up to eight rings at the same time.
Your skin changes colour to match your surroundings (Stealth+).
Your rubbery body absorbs attacks. (AC +1, EV +1)
((You are camouflaged when in or above water. (Stealth+)))
You have tentacles for arms and can constrict up to eight enemies at once.


Message History

Aim: Duvessa, wielding a +0 rapier and wearing a +0 leather armour (lightly wounded, berserk, very poisoned, slow, 63% to hit)
You throw a poisoned dart. The poisoned dart hits Duvessa.
Duvessa looks even sicker.
Duvessa is lightly wounded.
You closely miss Duvessa. You grab Duvessa.
Duvessa is lightly wounded.
You constrict Duvessa, but do no damage.
Duvessa barely misses you.
You hit Duvessa but do no damage.
Duvessa is lightly wounded.
You constrict Duvessa, but do no damage.
Duvessa completely misses you.
You hit Duvessa but do no damage.
Duvessa is moderately wounded.
You constrict Duvessa, but do no damage.
You hit Duvessa but do no damage.
Duvessa is moderately wounded.
You constrict Duvessa. Duvessa closely misses you.
You completely miss Duvessa. You squeeze Duvessa.
Duvessa is moderately wounded.
You constrict Duvessa, but do no damage.
Duvessa hits you with a +0 rapier!
You hit Duvessa but do no damage. You squeeze Duvessa!
Duvessa is heavily wounded.
You constrict Duvessa, but do no damage.
Duvessa hits you with a +0 rapier!
You hit Duvessa.
Duvessa is heavily wounded.
You constrict Duvessa, but do no damage.
Duvessa closely misses you.
You hit Duvessa but do no damage. You squeeze Duvessa.
Duvessa is severely wounded.
You constrict Duvessa. You hit Duvessa but do no damage. You squeeze Duvessa.
Duvessa is severely wounded.
You constrict Duvessa. Duvessa completely misses you.
You hit Duvessa but do no damage. You squeeze Duvessa.
Duvessa is almost dead.
You constrict Duvessa. Duvessa hits you with a +0 rapier!!
You die...

#@.........#
#..........# #####
#.......... #...#
##........#### #...#
#.......$.... #...#
#..........### #...##
#............# ###...
#.....)......# #...##
#....((e@....# ##..##
##...........+ ##..##
##..........# #.....
######.....# ###...
#####.# #...
#########..###########.
#......................
#................##...#
#................###...


You could see Duvessa (berserk, very poisoned, slow).

Vanquished Creatures
  2 brain worms (Sewer)
  Dowan (D:4)
  A jelly (D:4)
  A bombardier beetle (D:3)
  2 river rats (Sewer)
  5 adders
  2 orcs (D:3)
  6 ball pythons
  7 bats
  6 endoplasms
  2 giant cockroaches (D:3)
  9 goblins
  2 hobgoblins
  8 kobolds
  3 quokkas
  6 frilled lizards
  14 rats
77 creatures vanquished.

Notes
Turn   | Place    | Note
-------+----------+-------------------------------------------
     0 | D:1      | firemarshallily the Octopode Brigand began the quest for
                  | the Orb.
     0 | D:1      | Reached XP level 1. HP: 14/14 MP: 1/1
    46 | D:1      | Found a faded altar of an unknown god.
   123 | D:1      | Reached XP level 2. HP: 14/19 MP: 2/2
   344 | D:1      | Found Estuozit's Assorted Antiques.
   619 | D:2      | Reached XP level 3. HP: 25/25 MP: 3/3
  1402 | D:3      | Found a glowing drain.
  1420 | Sewer    | Entered a sewer
  1433 | Sewer    | Reached XP level 4. HP: 22/30 MP: 4/4
  1437 | Sewer    | Reached skill level 6 in Stealth
  1598 | Sewer    | Noticed a brain worm
  1605 | Sewer    | Killed a brain worm
  1606 | Sewer    | Reached XP level 5. HP: 36/36 MP: 5/5
  1697 | Sewer    | Reached XP level 6. HP: 42/42 MP: 6/6
  2030 | D:3      | Found a shadowy altar of Dithmenos.
  2038 | D:3      | Found an ancient bone altar of Kikubaaqudgha.
  2040 | D:3      | Became a worshipper of Dithmenos the Shadowed
  2488 | D:4      | Found a staircase to the Ecumenical Temple.
  2543 | D:4      | Reached skill level 7 in Stealth
  2862 | D:4      | Noticed Dowan
  2864 | D:4      | Noticed Duvessa
  2867 | D:4      | Noticed Eustachio
  2868 | D:4      | Killed Dowan
  2869 | D:4      | Reached skill level 5 in Short Blades
  2881 | D:4      | Slain by Duvessa

Illustrated notes

Levels and vault maps discovered:
D:1:      tekkud_arrival_beachfront_property, layout_rooms,
          dreamdust_ecumenical_altar_grove, serial_shops,
          nicolae_shop_hallway_stairs
D:2:      layout_loops_corners, corner_web_ring
D:3:      layout_loops_ring, mainiacjoe_overflow_catwalk_spiral, serial_glass,
          glass_columns_c, glass_columns_a, glass_columns_a, glass_columns_a,
          glass_columns_a, glass_columns_b, glass_columns_a, glass_columns_b,
          glass_columns_c, glass_columns_b, glass_columns_b, glass_columns_a,
          glass_columns_a, glass_columns_b, cheibrodos_sewer_entry_drain
D:4:      layout_rooms, zin_angel, minmay_temple_entry_mini_moons,
          uniq_eustachio, uniq_duvessa

Skill      XL: |  1  2  3  4  5  6 |
---------------+-------------------+-----
Short Blades   | 3 4 5 |  5.1
Stealth        | 6 7 |  7.1
Fighting       | 3 |  3.7
Throwing       | |  2.0
Dodging        | |  1.0

Action                     |  1- 3 |  4- 6 || total
---------------------------+-------+-------++-------
  Melee: Dagger            |    72 |    78 ||   150
         Constrict         |    11 |    17 ||    28
         Tentacles         |     8 |    17 ||    25
         Punch             |     2 |     1 ||     3
  Throw: Dart              |     2 |     2 ||     4
    Use: Scroll            |     4 |     3 ||     7
   Stab: Sleeping          |    12 |    14 ||    26
 Armour: Skin              |    28 |     9 ||    37
  Dodge: Dodged            |    37 |    28 ||    65
